 Dungeon Crawl Stone Soup version 0.20-a0-540-ge6d1839 (webtiles) character file.

17703 tsouns the Grappler (level 12, -4/115 HPs)
             Began as a Troll Arcane Marksman on Jan 29, 2017.
             Was a High Priest of Dithmenos.
             Engulfed by a steam dragon's steam (9 damage)
             ... on level 3 of the Lair of Beasts.
             The game lasted 00:36:36 (9677 turns).

tsouns the Grappler (Troll Arcane Marksman)         Turns: 9677, Time: 00:36:37

Health: -4/115     AC: 12    Str: 26    XL:     12   Next: 21%
Magic:  12/12      EV: 12    Int:  9    God:    Dithmenos [*****.]
Gold:   575        SH:  0    Dex: 15    Spells: 3/13 levels left

rFire    . . .     SeeInvis .     - Unarmed
rCold    . . .     Gourm    +   A - +2 troll leather armour {Purgy}
rNeg     . . .     Faith    .   (no shield)
rPois    .         Spirit   .   (helmet restricted)
rElec    .         Reflect  .   s - +2 cloak
rCorr    .         Harm     .   (gloves unavailable)
MR       .....                  (boots unavailable)
Stlth    ++++......             (no amulet)
Regen    1.1/turn               g - +3 ring of dexterity
                                u - +3 ring of strength

@: wreathed by umbra, repel missiles
A: unfitting armour, claws 3, fast metabolism 3, gourmand, regeneration 1,
shaggy fur 1, tough skin 2
a: Shadow Step, Shadow Form, Renounce Religion


You were on level 3 of the Lair of Beasts.
You worshipped Dithmenos.
Dithmenos was extremely pleased with you.
You were not hungry.

You visited 2 branches of the dungeon, and saw 13 of its levels.
You also visited: Sewer and Volcano.

You collected 575 gold pieces.

Inventory:

Hand Weapons
 h - a +2 blowgun
Missiles
 c - 9 large rocks (quivered)
 m - a throwing net
 o - 105 poisoned needles
 x - 3 javelins
 O - 9 tomahawks
Armour
 s - a +2 cloak (worn)
 A - a +2 troll leather armour (worn) {Purgy}
 C - +0 steam dragon scales
Jewellery
 g - a +3 ring of dexterity (right claw)
 u - a +3 ring of strength (left claw)
Wands
 d - a wand of paralysis (15/24)
 k - a wand of polymorph (17/24)
 L - a wand of iceblast (9/15)
Scrolls
 n - 4 scrolls of remove curse
 v - 10 scrolls of teleportation
 w - 2 scrolls of amnesia
 y - 2 scrolls of magic mapping
 G - 2 scrolls of fog
Potions
 a - a potion of lignification
 b - a potion of resistance {unknown}
 e - 4 potions of magic
 i - a potion of ambrosia
 j - a potion of cancellation
 z - 6 potions of flight
 E - 3 potions of brilliance
 F - a potion of might
 H - 3 potions of invisibility {unknown}
 I - 2 potions of agility {unknown}
Books
 q - a book of Changes

   Spells                             Type                      Level
   a - Beastly Appendage              Transmutation                1
   b - Sticks to Snakes               Transmutation                2
   c - Spider Form                    Transmutation/Poison         3
   d - Ice Form                       Ice/Transmutation            4
   e - Blade Hands                    Transmutation                5
Comestibles
 f - 9 bread rations
 l - 22 fruits
 r - 4 meat rations
 t - 5 chunks of flesh
 D - 2 royal jellies


   Skills:
 + Level 6.4 Fighting
 + Level 8.7 Throwing
 + Level 2.0 Armour
 - Level 5.0 Dodging
 - Level 5.0 Stealth
 + Level 11.6 Unarmed Combat
 - Level 1.0 Spellcasting
 - Level 2.0 Hexes
 - Level 3.3 Transmutations


You had 3 spell levels left.
You knew the following spells:

 Your Spells              Type           Power        Failure   Level  Hunger
a - Corona                Hex            #......      21%         1    ##.....
b - Slow                  Hex            #.......     30%         2    ###....
c - Cause Fear            Hex            #.........   99%         4    #####..
d - Repel Missiles        Chrm/Air       #.....       71%         2    ###....
e - Beastly Appendage     Tmut           #.....       12%         1    ##.....


Dungeon Overview and Level Annotations

Branches:
Dungeon (10/15)            Temple (0/1) D:6            Lair (3/6) D:8
 Shoals (0/4) Lair:3        Snake (0/4) Lair:2
    Orc: D:9-12

Altars:
Ashenzari
Dithmenos
Fedhas
Hepliaklqana
Nemelex Xobeh
Okawaru
Ru
Trog
Yredelemnul
Zin
The Shining One

Shops:
D:10 *


Innate Abilities, Weirdness & Mutations

You are too large for most types of armour.
You have claws for hands.
Your metabolism is lightning-fast.
You like to eat raw meat.
Your natural rate of healing is unusually fast.
You are covered in fur. (AC +1)
You have very tough skin. (AC +2)


Message History

You kill the hell hound!
Dithmenos accepts your kill.
Dithmenos appreciates your extinguishing a source of fire.
Your Armour skill increases to level 2!
You barely miss the steam dragon.
The steam dragon is moderately wounded.
The steam dragon bites you.
* * * LOW HITPOINT WARNING * * *
The steam dragon claws you but does no damage.
You scratch the steam dragon. Your claw misses the steam dragon.
The steam dragon is heavily wounded.
The steam dragon breathes steam at you. The ball of steam hits you!
* * * LOW HITPOINT WARNING * * *
You hear a croak.
You closely miss the steam dragon.
The steam dragon is heavily wounded.
Your shadow closely misses the steam dragon.
You are engulfed in a cloud of scalding steam.
You die...

*..,**** **#...#** **,,,,,*,,,
*#.,* ##...# *,,,*,,*,,, #.## ###
###....## **,,,,,,,,,
#..###.###.#.....## *,,,,,+,,,
##...........##....# **,,,,,*,,,
#....#.####..##...## *,,,......#
##....## ##.##.:.# ***,.......#
#..### ####.D.# *,,........P #..#
##@## *,......$... ##..## #§§###
*,.......... #....# #§§§≈*
*,#........# ##..## ##.§#*
***#........ #..# #### #..#
#........ ##..# ### #..###..#
#........ #...###.###...#...##
###........
##....#$##.#..#....####P#........
#...............................


You could see a steam dragon.

Vanquished Creatures
  The ghost of Amnesiac the Severer, a journeyman HOGl of Dithmenos (D:9)
  A hydra (Lair:3)
  2 two-headed ogres
  A fire crab (Volcano)
  A lindwurm (Volcano)
  Pikel (D:8)
  Maurice (D:10)
  A black mamba (Lair:1)
  2 spiny frogs
  3 komodo dragons
  A troll (D:10)
  3 polar bears (Lair:1)
  A hippogriff (D:9)
  Sigmund (D:2)
  17 yaks
  A basilisk (Lair:1)
  2 fire bats (Volcano)
  2 hungry ghosts (D:7)
  2 steam dragons
  4 water moccasins
  4 hell hounds
  2 porcupines
  2 sky beasts (D:10)
  2 ice beasts
  2 orc warriors
  Purgy (Sewer)
  A slave (D:8)
  2 eyes of draining
  4 phantoms
  3 ogres
  6 centaurs
  4 crocodiles
  13 bullfrogs
  A wyvern skeleton (D:6)
  2 scorpions
  9 wights (D:8)
  2 howler monkeys (D:10)
  2 bullfrog zombies
  8 crimson imps
  A quasit (D:6)
  3 centaur zombies
  6 hounds
  2 jellies (D:9)
  A bullfrog skeleton (D:5)
  4 orc priests
  A centaur skeleton (D:7)
  3 iguanas
  9 orc wizards
  2 hell rats (Lair:2)
  8 worker ants
  A hound zombie (D:7)
  14 river rats
  9 adders
  17 gnolls
  2 howler monkey skeletons
  2 shadow imps (D:8)
  2 oozes
  2 adder skeletons
  2 worms
  4 dart slugs
  3 leopard geckos
  36 orcs
  9 bats
  8 giant cockroaches
  3 goblins
  3 hobgoblins
  6 jackals
  3 quokkas
  4 ball pythons
  9 frilled lizards
  A giant cockroach zombie (D:6)
  14 kobolds
  A leopard gecko skeleton (D:7)
  A quokka skeleton (D:9)
  A quokka zombie (D:5)
  8 rats
  A plant (Lair:3)
324 creatures vanquished.

Vanquished Creatures (collateral kills)
  A hydra (Lair:1)
1 creature vanquished.

Vanquished Creatures (others)
  An orc wizard (D:7)
  A jackal (D:8)
  5 plants
7 creatures vanquished.

Grand Total: 332 creatures vanquished

Notes
Turn   | Place    | Note
-------+----------+-------------------------------------------
     0 | D:1      | tsouns the Troll Arcane Marksman began the quest for the Orb.
     0 | D:1      | Reached XP level 1. HP: 18/18 MP: 1/1
    46 | D:1      | Reached skill level 1 in Fighting
   171 | D:1      | Reached skill level 1 in Unarmed Combat
   171 | D:1      | Reached XP level 2. HP: 23/27 MP: 2/2
   483 | D:1      | Reached XP level 3. HP: 33/33 MP: 3/3
   850 | D:2      | Reached skill level 2 in Unarmed Combat
   850 | D:2      | Reached XP level 4. HP: 32/42 MP: 4/4
   896 | D:2      | Noticed Sigmund
   917 | D:2      | Killed Sigmund
   917 | D:2      | Reached skill level 3 in Unarmed Combat
   917 | D:2      | Reached XP level 5. HP: 48/50 MP: 5/5
  1217 | D:3      | Noticed an ogre
  1228 | D:2      | Reached XP level 6. HP: 55/59 MP: 6/6
  1422 | D:3      | Learned a level 2 spell: Slow
  1426 | D:3      | Learned a level 3 spell: Inner Flame
  1836 | D:3      | Found a blossoming altar of Fedhas.
  2202 | D:4      | Found a glowing drain.
  2223 | Sewer    | Entered a sewer
  2304 | Sewer    | Noticed Purgy
  2318 | Sewer    | Killed Purgy
  2318 | Sewer    | Reached skill level 4 in Unarmed Combat
  2318 | Sewer    | Reached XP level 7. HP: 53/67 MP: 7/7
  2755 | D:4      | Found a shadowy altar of Dithmenos.
  2767 | D:4      | Became a worshipper of Dithmenos the Shadowed
  2868 | D:5      | Entered Level 5 of the Dungeon
  2912 | D:5      | Reached skill level 5 in Unarmed Combat
  2932 | D:5      | Reached skill level 5 in Throwing
  3068 | D:5      | Reached skill level 1 in Stealth
  3145 | D:5      | Found a sparkling altar of Nemelex Xobeh.
  3464 | D:6      | Reached XP level 8. HP: 73/75 MP: 8/8
  3497 | D:6      | Found a staircase to the Ecumenical Temple.
  3608 | D:6      | Reached skill level 6 in Unarmed Combat
  3635 | D:6      | Reached * piety under Dithmenos
  3968 | D:6      | Reached skill level 7 in Unarmed Combat
  4090 | D:7      | Learned a level 3 spell: Gell's Gravitas
  4176 | D:7      | Reached ** piety under Dithmenos
  4188 | D:7      | Found a shadowy altar of Dithmenos.
  4188 | D:7      | Found a sacrificial altar of Ru.
  4188 | D:7      | Found an iron altar of Okawaru.
  4188 | D:7      | Found a shattered altar of Ashenzari.
  4199 | D:7      | Found a glowing golden altar of the Shining One.
  4204 | D:7      | Found a sparkling altar of Nemelex Xobeh.
  4292 | D:7      | Reached XP level 9. HP: 79/81 MP: 9/9
  4392 | D:7      | Reached skill level 8 in Unarmed Combat
  4499 | D:7      | Learned a level 4 spell: Cause Fear
  4532 | D:7      | Found a glowing silver altar of Zin.
  4534 | D:7      | Found a bloodstained altar of Trog.
  4852 | D:8      | Noticed a two-headed ogre
  4865 | D:8      | Killed a two-headed ogre
  4865 | D:8      | Reached skill level 9 in Unarmed Combat
  4962 | D:8      | Noticed Pikel
  4982 | D:8      | Killed Pikel
  5037 | D:8      | Reached XP level 10. HP: 82/91 MP: 10/10
  5135 | D:8      | Found a hazy altar of Hepliaklqana.
  5187 | D:8      | Found a staircase to the Lair.
  5206 | D:8      | Got a glittering tin ring
  5208 | D:8      | Identified the ring of Liruy {*Corrode rElec rPois rN+++ MR-} (You found it on level 8 of the Dungeon)
  5231 | D:8      | Reached skill level 10 in Unarmed Combat
  5250 | D:8      | Learned a level 1 spell: Beastly Appendage
  5443 | D:8      | Reached *** piety under Dithmenos
  5791 | D:9      | Reached skill level 1 in Transmutations
  5873 | D:9      | Noticed Amnesiac's ghost (journeyman HOGl)
  5920 | D:9      | Killed Amnesiac's ghost
  5999 | D:9      | Noticed a two-headed ogre
  6011 | D:9      | Killed a two-headed ogre
  6244 | D:9      | Found a basalt altar of Yredelemnul.
  6291 | D:10     | Entered Level 10 of the Dungeon
  6332 | D:10     | Reached **** piety under Dithmenos
  6453 | D:10     | Reached XP level 11. HP: 92/101 MP: 11/11
  6455 | D:10     | Found Qurrahiy's Assorted Antiques.
  6557 | D:10     | Noticed Maurice
  6565 | D:10     | Killed Maurice
  7207 | Lair:1   | Entered Level 1 of the Lair of Beasts
  7313 | Lair:1   | Learned a level 2 spell: Repel Missiles
  7464 | Lair:1   | Reached skill level 5 in Fighting
  7622 | Lair:1   | Noticed a four-headed hydra
  7726 | Lair:1   | Killed a four-headed hydra
  8133 | Lair:1   | Reached skill level 11 in Unarmed Combat
  8136 | Lair:1   | Reached skill level 5 in Stealth
  8566 | Lair:2   | Found a staircase to the Snake Pit.
  8814 | Lair:2   | Reached ***** piety under Dithmenos
  8820 | Lair:2   | Reached skill level 5 in Dodging
  9516 | Lair:3   | Found a dark tunnel.
  9531 | Lair:3   | Noticed a seven-headed hydra
  9536 | Lair:3   | Killed a seven-headed hydra
  9536 | Lair:3   | Reached skill level 1 in Armour
  9536 | Lair:3   | Reached XP level 12. HP: 114/114 MP: 12/12
  9571 | Volcano  | Entered a volcano
  9676 | Lair:3   | HP: 5/115 [steam dragon/ball of steam (15)]
  9677 | Lair:3   | Engulfed by a steam dragon's steam

Vault maps used:
D:1:      scummos_arrival_checkerplants, minmay_tromino_v4_c
D:2:      first_bread, moated_statue, uniq_sigmund
D:3:      fedhas_altar_fruit_tree
D:4:      portal_sewer_entry_b, grunt_dithmenos_smoke
D:5:      nemelex_lonely_heart_becter
D:6:      temple_pool_b, corexii_item_surrounded_by_moat
D:7:      chequers_temple_overflow_statue_of_worship, minmay_overflow_temple_hex
D:8:      nicolae_overflow_crystal_walls, david_lair_shrubbed, uniq_pikel
D:9:      marbit_many_paths
D:10:     serial_shops, shop, uniq_maurice
Lair:1:   beast_lair_carwin_9, grunt_megastairs_5
Lair:2:   dummy_snake_entry, kennysheep_rathole
Lair:3:   minmay_shoals_entry_lonely_mermaid, nicolae_volcano_entry_two_sided,
          pond
Sewer:    sewer_co_purgy_island
Volcano:  volcano_caves

Skill      XL: |  1  2  3  4  5  6  7  8  9 10 11 12 |
---------------+-------------------------------------+-----
Fighting       | 1 2 3 4 6 |  6.4
Throwing       | 2 3 4 5 6 7 8 |  8.7
Unarmed Combat | 1 2 3 4 5 7 9 10 11 | 11.6
Stealth        | 1 2 3 4 5 |  5.0
Dodging        | 3 5 |  5.0
Transmutations | 2 3 |  3.3
Armour         | 1 2 |  2.0
Spellcasting   | |  1.0
Hexes          | |  2.0

Action                   |  1- 3 |  4- 6 |  7- 9 | 10-12 || total
-------------------------+-------+-------+-------+-------++-------
Melee: Unarmed           |    99 |   126 |   344 |   518 ||  1087
       Punch             |       |     3 |    14 |    42 ||    59
Throw: Large rock        |     3 |     3 |     4 |    18 ||    28
       Throwing net      |       |     2 |       |       ||     2
 Cast: Repel Missiles    |       |       |       |     1 ||     1
Evoke: Wand              |       |       |       |     2 ||     2
       Box of beasts     |       |       |       |     1 ||     1
  Use: Scroll            |       |     8 |     8 |    19 ||    35
       Potion            |       |       |       |     7 ||     7
 Stab: Sleeping          |     1 |       |     3 |    11 ||    15
       Distracted        |       |       |       |     1 ||     1
  Eat: Chunk             |    13 |    14 |    40 |    37 ||   104
       Royal jelly       |       |       |     1 |       ||     1
Armor: Robe              |    48 |    40 |       |       ||    88
       Troll leather arm |       |       |   153 |   151 ||   304
       Skin              |       |       |       |    11 ||    11
Dodge: Dodged            |    55 |    68 |   144 |   307 ||   574
       Deflected         |       |       |       |     3 ||     3
